 Dungeon Crawl Stone Soup version 0.30.0-29-ga12c61a403 (webtiles) character file.

Game seed: 5986865007969877469

7 monsoonserge the Vexing (level 2, 0/21 HPs)
             Began as a Barachi Hexslinger on June 13, 2023.
             Slain by a goblin
             ... wielding a +2 dagger of flaming
              (1 damage)
             ... on level 1 of the Dungeon.
             The game lasted 00:00:43 (104 turns).

monsoonserge the Vexing (Barachi Hexslinger)         Turns: 104, Time: 00:00:44

Health: 0/21       AC:  2    Str: 11    XL:     2   Next: 4%
Magic:  3/3        EV: 12    Int: 13    God:
Gold:   0          SH:  0    Dex: 12    Spells: 2/3 levels left

rFire   . . .        a - +1 sling
rCold   . . .        (no shield)
rNeg    . . .        c - +0 robe
rPois   .            (no helmet)
rElec   .            (no cloak)
rCorr   .            (no gloves)
SInv    .            (no boots)
Will    .....        (no amulet)
Stlth   +            (no ring)
HPRegen 0.23/turn    (no ring)
MPRegen 0.08/turn

%: no passive effects
@: slow
A: amphibious, slowness 1, strong legs 1, +LOS
a: Hop


You were on level 1 of the Dungeon.
You visited 1 branch of the dungeon, and saw 1 of its levels.

Inventory:

Hand Weapons
 a - a +1 sling (weapon)
Armour
 c - a +0 robe (worn)
 e - a +0 leather armour
Scrolls
 b - a scroll of poison
Potions
 d - a potion of curing {unknown}


   Skills:
 + Level 1.2 Fighting
 + Level 2.0 Ranged Weapons
 + Level 2.5 Dodging
 + Level 1.1 Spellcasting
 + Level 3.5 Hexes


You had 2 spell levels left.
You knew the following spells:

 Your Spells              Type           Power      Damage    Failure   Level
a - Slow                  Hex            40%        N/A       6%          1

Your spell library contained the following spells:

 Spells                   Type           Power      Damage    Failure   Level
 Inner Flame              Hex/Fire       5%         N/A       38%         3
 Portal Projectile        Hex/Tloc       10%        N/A       38%         3
 Cause Fear               Hex            5%         N/A       54%         4


Dungeon Overview and Level Annotations

Branches:
Dungeon (1/15)

Altars:


Innate Abilities, Weirdness & Mutations

You are amphibious.
You cover ground slowly.
You can hop short distances.
You have an extended range of vision and can be seen from far away.


Message History

No target in view!
Unknown command.
You start resting.
HP restored.
Items here: ( )) †.
A kobold and a goblin come into view.
The goblin is wielding a +2 dagger of flaming.
Found 17 gold pieces.
The kobold shouts!
The goblin moves out of view.
You see here a +0 leather armour.
e - a +0 leather armour You shoot a sling bullet.
The sling bullet closely misses the kobold.
You shoot a sling bullet.
The sling bullet closely misses the kobold.
You shoot a sling bullet.
The sling bullet closely misses the goblin.
You shoot a sling bullet.
The sling bullet barely misses the kobold.
You shoot a sling bullet. The sling bullet hits the kobold.
The kobold is heavily wounded.
The kobold closely misses you. The kobold hits you with a +0 club.
You shoot a sling bullet. The sling bullet misses the kobold.
The kobold hits you with a +0 club.
The goblin hits you with a +2 dagger of flaming.
The goblin burns you.
You shoot a sling bullet.
The sling bullet closely misses the kobold.
The kobold hits you with a +0 club. The goblin closely misses you.
You shoot a sling bullet. The sling bullet hits the kobold.
You kill the kobold!
The goblin hits you with a +2 dagger of flaming.
* * * LOW HITPOINT WARNING * * *
The goblin burns you.
* * * LOW HITPOINT WARNING * * *
The goblin hits you with a +2 dagger of flaming.
* * * LOW HITPOINT WARNING * * *
The goblin burns you.
You die...

#.##......#...#...###
#..#...#.........8.#$
#...#..#..##........ #
##.#...#............K.
.##)##......##......8.
#.#.#..#..†#..#.....##
##..#.#.#..##...#....##
.#.#..#..##.)#..)#.)..###
#.##..#..##.....@g.......
..#.#.....#...#...#......
.##.##...#....#....# ....
. .##.##...##......... ..
### ###################


You could see a goblin.

Vanquished Creatures
  A ball python (D:1)
  2 goblins (D:1)
  2 kobolds (D:1)
  A bat (D:1)
  2 frilled lizards (D:1)
8 creatures vanquished.

Notes
Turn   | Place    | Note
-------+----------+-------------------------------------------
     0 | D:1      | monsoonserge the Barachi Hexslinger began the quest for the
                  | Orb.
     0 | D:1      | Reached XP level 1. HP: 15/15 MP: 2/2
    46 | D:1      | Reached XP level 2. HP: 18/21 MP: 3/3
   104 | D:1      | HP: 1/21 [goblin/+2 dagger of flaming (3)]
   104 | D:1      | Slain by a goblin

Illustrated notes

Levels and vault maps discovered:
D:1:      erik_arrival_cave_to_civilisation [erik_arrival_cave_to_temple],
          layout_rooms

Action                     || total
---------------------------++-------
   Fire: Sling             ||    28
   Cast: Slow              ||     1
 Armour: Robe              ||     3
  Dodge: Dodged            ||     7
